 Dungeon Crawl Stone Soup version 0.16.0-16-g311141a (console) character file.

20699 Fusha the Grappler (level 12, -24/124 HPs)
             Began as a Troll Monk on Mar 19, 2015.
             Was an Elder of Trog.
             Killed from afar by a frost giant (59 damage)
             ... with a bolt of cold
             ... in an ice cave.
             The game lasted 00:47:02 (9794 turns).

Fusha the Grappler (Troll Monk)                     Turns: 9794, Time: 00:47:02

Health: -24/124    AC: 10    Str: 26    XL:     12   Next: 47%
Magic:  8/8        EV: 17    Int:  6    God:    Trog [****..]
Gold:   757        SH:  0    Dex: 15    Spells: 0 memorised, 11 levels left

rFire  . . .     SeeInvis .       - Unarmed
rCold  . . .     Clarity  +     a - +0 robe
rNeg   . . .     SustAb   .     (shield restricted)
rPois  .         Gourm    +     I - +2 hat
rElec  .         Spirit   .     M - +2 cloak
rCorr  .         Warding  .     (gloves unavailable)
rMut   .         Stasis   .     (boots unavailable)
MR     .....                    B - amulet of clarity
Stlth  ++........               (no ring)
                                d - +3 ring of dexterity

@: not resistant to hostile enchantments, unstealthy
A: unfitting armour, claws 3, fast metabolism 3, gourmand, regeneration 2,
shaggy fur 1, tough skin 2
a: Burn Spellbooks, Berserk, Trog's Hand, Brothers in Arms, Renounce Religion


You were in an ice cave.
You worshipped Trog.
Trog was greatly pleased with you.
You were full.

You visited 2 branches of the dungeon, and saw 12 of its levels.
You also visited: Ossuary and Ice Cave.

You collected 827 gold pieces.
You spent 70 gold pieces at shops.

Inventory:

Armour
 a - a +0 robe (worn)
 y - a +0 hat
 I - a +2 hat (worn)
 M - a +2 cloak (worn)
Jewellery
 d - a +3 ring of dexterity (left claw)
 t - an uncursed amulet of inaccuracy
 B - an amulet of clarity (around neck)
 E - the cursed amulet of Phybeimp {Stasis +Inv Dex+3 Slay-6 Stlth+}
   (You found it on level 6 of the Dungeon)

   [amulet of stasis]

   It prevents you from being teleported, slowed, hasted or paralysed.
   It affects your dexterity (+3).
   It affects your accuracy and damage with ranged weapons and melee attacks
   (-6).
   It lets you turn invisible.
   It makes you more stealthy.
   It has a curse placed upon it.
 O - an uncursed ring of loudness
Magical devices
 n - a wand of disintegration (10)
 p - a wand of confusion (30)
 q - a wand of teleportation (4)
 D - a wand of hasting (5)
Scrolls
 e - 2 scrolls of random uselessness
 f - 2 scrolls of enchant weapon
 g - a scroll of identify
 h - a scroll of noise
 k - 2 scrolls of amnesia
 m - 2 scrolls of recharging
 F - 2 scrolls of remove curse
 K - a scroll of fear {unknown}
 L - a scroll of blinking {unknown}
Potions
 c - a potion of mutation
 i - 2 potions of heal wounds
 l - 4 potions of haste
 s - a potion of flight
 u - 2 potions of restore abilities
 w - 2 potions of might
 x - 3 potions of cancellation
 z - a potion of degeneration
 A - a potion of brilliance
 C - a potion of magic
 N - a potion of curing
Comestibles
 b - 7 meat rations
 j - 3 beef jerkies
 o - 9 bread rations
 r - 7 fruits
 v - a slice of pizza


   Skills:
 + Level 9.4 Fighting
 + Level 0.3 Throwing
 + Level 11.5 Dodging
 - Level 1.2 Stealth
 + Level 12.2 Unarmed Combat
 + Level 1.8 Evocations


You had 11 spell levels left.
You didn't know any spells.

Dungeon Overview and Level Annotations

Branches:
Dungeon (11/15)            Temple (1/1) D:4            Lair (0/8) D:11
    Orc: D:9-12

Altars:
Ashenzari
Cheibriados
Dithmenos
Elyvilon
Fedhas
Gozag
Kikubaaqudgha
Makhleb
Nemelex Xobeh
Okawaru
Qazlal
Ru
Sif Muna
Trog
Vehumet
Xom
Yredelemnul
Zin
The Shining One

Shops:
D:4 %!   D:6 (   D:8 :   D:11 =


Innate Abilities, Weirdness & Mutations

You are too large for most types of armour.
You have claws for hands.
Your metabolism is lightning-fast.
You like to eat raw meat.
You heal very quickly.
You are covered in fur (AC +1).
You have very tough skin (AC +2).


Message History

w - Wait here. f - Follow me.
Anything else - Stay silent.
Gang up on whom?
Press: ? - help, Dir - move target cursor, f - frost giant
Aim: a frost giant, wielding a battleaxe of freezing (moderately wounded) Attack!
Your ogre hits the frost giant with a giant spiked club!!
Your ogre hits the frost giant with a giant spiked club!!!
The frost giant points at you and mumbles some strange words.
The bolt of cold hits your ogre.
Your ogre dies!
Your ogre's corpse disappears in a puff of smoke!
The bolt of cold misses you.
You don't know any spells.
There isn't anything here!
Use which ability? (? or * to list)
You fail to use your ability.
The frost giant gestures at you while chanting.
The bolt of cold hits you!
You die...

###### ########
.....## ##...§§§##
#.....####..###§§§##
###....#...###§§§§.#
####...### ##§@.##
≈##(.####### #..###
##.#)####.h####C.#
≈≈≈.#.#..##.#.h###
≈#.##..#####h###
##...### ### #..###
..## #..#


You could see a frost giant and a polar bear.

Vanquished Creatures
  Gastronok (D:8)
  A centaur warrior (D:11)
  2 death yaks (IceCv)
  A hill giant (D:10)
  2 unseen horrors
  An ice statue (IceCv)
  Pikel (D:7)
  An ugly thing (D:11)
  An elephant (shapeshifter) (D:11)
  A centaur skeleton (D:10)
  2 trolls (D:10)
  7 polar bears (IceCv)
  Prince Ribbit (D:9)
  A wyvern (D:10)
  A hippogriff (D:10)
  27 yaks
  Grum (D:10)
  16 wolves
  A steam dragon (D:10)
  Edmund (D:8)
  The ghost of Swippen the Cudgeler, an average GrFi of Elyvilon (D:4)
  A water moccasin (D:5)
  A black bear (D:8)
  9 ice beasts
  2 sky beasts
  A slave (D:7)
  2 necrophages
  4 centaurs
  4 ogres
  2 phantoms
  3 orc warriors
  An elf zombie (Ossuary)
  6 giant frogs
  4 scorpions
  16 killer bees
  6 wights
  2 crimson imps
  A human zombie (Ossuary)
  A giant frog skeleton (D:7)
  A hound (D:7)
  2 centaur zombies
  A jelly (D:8)
  2 iguanas (D:7)
  10 orc priests
  6 worker ants
  6 orc wizards
  Natasha (thrice) (D:6)
  A killer bee zombie (D:5)
  3 big kobold zombies (Ossuary)
  Ijyb (D:7)
  A hound zombie (D:5)
  3 mummies
  Robin (D:2)
  11 adders
  3 shadow imps
  A giant mite (D:3)
  A worm (D:3)
  An adder zombie (D:5)
  An adder skeleton (D:9)
  3 oozes
  23 orcs
  A bat skeleton (D:8)
  2 giant cockroaches
  3 gnoll zombies (Ossuary)
  10 hobgoblins
  11 jackals
  8 kobolds
  10 bats
  7 giant geckos
  4 giant newts
  24 goblins
  2 goblin zombies (Ossuary)
  2 hobgoblin zombies (Ossuary)
  2 orc zombies (Ossuary)
  3 quokkas
  A quokka skeleton (D:5)
  9 rats
  6 ballistomycetes (D:7)
327 creatures vanquished.

Vanquished Creatures (others)
  A polar bear (IceCv)
  A yak (IceCv)
  A wolf (IceCv)
  3 slaves (D:7)
  An ogre (IceCv)
  A wight (D:7)
  An orc priest (D:7)
  2 orcs (D:7)
  2 giant spores (D:7)
13 creatures vanquished.

Grand Total: 340 creatures vanquished

Notes
Turn   | Place    | Note
--------------------------------------------------------------
     0 | D:1      | Fusha, the Troll Monk, began the quest for the Orb.
     0 | D:1      | Reached XP level 1. HP: 22/22 MP: 1/1
   203 | D:1      | Reached XP level 2. HP: 26/29 MP: 1/1
   955 | D:2      | Noticed Robin
   966 | D:2      | Reached XP level 3. HP: 33/36 MP: 2/2
   989 | D:2      | Killed Robin
  1323 | D:2      | Reached XP level 4. HP: 44/44 MP: 2/2
  1438 | D:3      | Found a burning altar of Makhleb.
  1438 | D:3      | Found an iron altar of Okawaru.
  1468 | D:3      | Found a glowing golden altar of the Shining One.
  1469 | D:3      | Found a sparkling altar of Nemelex Xobeh.
  1710 | D:3      | Found a basalt altar of Yredelemnul.
  1764 | D:3      | Found an iron altar of Okawaru.
  2231 | D:4      | Found Ukerph's Distillery.
  2252 | D:4      | Bought a potion of heal wounds for 70 gold pieces
  2335 | D:4      | Found Nuluum's Food Shop.
  2399 | D:4      | Found a white marble altar of Elyvilon.
  2452 | D:4      | Found a staircase to the Ecumenical Temple.
  2618 | D:4      | Noticed Swippen's ghost (average GrFi)
  2633 | D:4      | Killed Swippen's ghost
  2633 | D:4      | Reached skill level 5 in Unarmed Combat
  2633 | D:4      | Reached XP level 5. HP: 22/53 MP: 2/2
  2689 | D:4      | Found a glowing silver altar of Zin.
  2716 | D:5      | Entered Level 5 of the Dungeon
  2737 | D:5      | Found a sand-covered staircase.
  2742 | D:5      | Noticed a phantom
  2752 | D:5      | Killed a phantom
  2752 | D:5      | Reached XP level 6. HP: 57/62 MP: 3/3
  2757 | Ossuary  | Entered an ossuary
  3074 | D:5      | Noticed a water moccasin
  3081 | D:5      | Killed a water moccasin
  3081 | D:5      | Reached skill level 6 in Unarmed Combat
  3081 | D:5      | Reached XP level 7. HP: 70/70 MP: 3/3
  3170 | Temple   | Entered the Ecumenical Temple
  3341 | D:5      | Noticed an ogre
  3346 | D:5      | Killed an ogre
  3346 | D:5      | Reached skill level 5 in Dodging
  3422 | D:5      | Noticed a centaur
  3426 | D:5      | Killed a centaur
  3626 | D:5      | Reached XP level 8. HP: 61/79 MP: 3/3
  3642 | D:6      | Found Urucs' Weapon Emporium.
  3766 | D:6      | Reached skill level 7 in Unarmed Combat
  3902 | D:6      | Got a sparkling ruby amulet
  3904 | D:6      | Identified the amulet of Phybeimp {Stasis +Inv Dex+3 Slay-6 Stlth+} (You found it on level 6 of the Dungeon)
  3967 | D:6      | Noticed Natasha
  3974 | D:6      | Killed Natasha
  3974 | D:6      | Reached skill level 5 in Fighting
  4087 | D:6      | Noticed Natasha
  4090 | D:6      | Killed Natasha
  4126 | D:6      | Noticed Natasha
  4132 | D:6      | Killed Natasha
  4270 | D:7      | Noticed Pikel
  4281 | D:7      | Killed Pikel
  4281 | D:7      | Reached skill level 8 in Unarmed Combat
  4317 | D:7      | Reached XP level 9. HP: 73/89 MP: 4/4
  4400 | D:7      | Noticed Ijyb
  4407 | D:7      | Killed Ijyb
  4566 | D:7      | Found a shattered altar of Ashenzari.
  4682 | D:7      | Found a stormy altar of Qazlal.
  4949 | D:7      | Found a sacrificial altar of Ru.
  5044 | D:8      | Noticed Gastronok
  5054 | D:8      | Killed Gastronok
  5054 | D:8      | Reached skill level 9 in Unarmed Combat
  5269 | D:8      | Noticed Edmund
  5271 | D:8      | Killed Edmund
  5271 | D:8      | Reached XP level 10. HP: 100/100 MP: 5/5
  5337 | D:8      | Found a snail-covered altar of Cheibriados.
  5451 | D:8      | Found Gran's Book Shop.
  6223 | D:9      | Noticed Prince Ribbit
  6228 | D:9      | Reached skill level 10 in Unarmed Combat
  6230 | D:9      | Killed Prince Ribbit
  6499 | D:9      | Found a bloodstained altar of Trog.
  6504 | D:9      | Became a worshipper of Trog the Wrathful
  6504 | D:9      | Acquired Trog's first power
  6504 | D:9      | Acquired Trog's second power
  6872 | D:10     | Entered Level 10 of the Dungeon
  7246 | D:10     | Reached skill level 1 in Evocations
  7364 | D:10     | Noticed a hill giant
  7381 | D:10     | Killed a hill giant
  7533 | D:10     | Noticed Grum
  7540 | D:10     | Reached XP level 11. HP: 102/110 MP: 6/6
  7544 | D:10     | Killed Grum
  7962 | D:10     | Found a deep blue altar of Sif Muna.
  8160 | D:10     | Killed an unseen horror
  8392 | D:11     | Found Jeponiap's Jewellery Shop.
  8401 | D:11     | Found an iron altar of Okawaru.
  8439 | D:11     | Killed an unseen horror
  8439 | D:11     | Reached skill level 10 in Dodging
  8581 | D:11     | Noticed a centaur warrior
  8592 | D:11     | Killed a centaur warrior
  8595 | D:11     | Reached skill level 11 in Unarmed Combat
  8710 | D:11     | Found a staircase to the Lair.
  8902 | D:11     | Found a frozen archway.
  8927 | IceCv    | Entered an ice cave
  9216 | IceCv    | Noticed an ice statue
  9227 | IceCv    | Killed an ice statue
  9359 | IceCv    | Acquired Trog's third power
  9391 | IceCv    | Reached XP level 12. HP: 117/122 MP: 8/8
  9582 | IceCv    | Noticed a death yak
  9603 | IceCv    | Noticed a death yak
  9604 | IceCv    | Killed a death yak
  9604 | IceCv    | Reached skill level 12 in Unarmed Combat
  9610 | IceCv    | Killed a death yak
  9760 | IceCv    | Noticed a frost giant
  9794 | IceCv    | Killed from afar by a frost giant

Action                   |  1- 3 |  4- 6 |  7- 9 | 10-12 || total
-------------------------+-------+-------+-------+-------++-------
Melee: Unarmed           |   103 |   131 |   219 |   389 ||   842
Throw: Throwing net      |       |       |       |     1 ||     1
Invok: Burn Spellbooks   |       |       |       |     2 ||     2
       Trog's Hand       |       |       |       |     1 ||     1
       Brothers in Arms  |       |       |       |     1 ||     1
Evoke: Wand              |       |     1 |     1 |     9 ||    11
  Use: Scroll            |       |     5 |     6 |    10 ||    21
       Potion            |       |       |       |     5 ||     5
 Stab: Sleeping          |     1 |     1 |     3 |     2 ||     7
       Confused          |       |       |       |     1 ||     1
       Distracted        |       |       |       |     1 ||     1
       Held in net/web   |       |       |       |     1 ||     1
  Eat: Chunk             |    14 |    13 |    26 |    39 ||    92
